 Dungeon Crawl Stone Soup version 0.28-a0-1206-g193881aaa2 (webtiles) character file.

Game seed: 552738291531179520

11630 sanka the Carver (level 11, -10/101 HPs)
             Began as a Palentonga Abyssal Knight on Dec 20, 2021.
             Was an Elder of Lugonu.
             Mangled by a salamander (12 damage)
             ... in a volcano.
             The game lasted 00:30:03 (14533 turns).

sanka the Carver (Palentonga Abyssal Knight)       Turns: 14533, Time: 00:30:05

Health: -10/101    AC: 22    Str: 19      XL:     11   Next: 51%
Magic:  13/17      EV:  9    Int: 10      God:    Lugonu [****..]
Gold:   292        SH: 10    Dex: 12 (13) Spells: 10/10 levels left

rFire   . . .      SeeInvis +   a - +3 demon blade (venom)
rCold   . . .      Faith    .   u - +0 kite shield
rNeg    . . .      Spirit   .   j - +0 acid dragon scales
rPois   +          Reflect  .   H - +0 helmet
rElec   .          Harm     .   n - +0 cloak
rCorr   +          Rampage  .   q - +2 pair of gloves {infuse}
Will    .....                   (no barding)
Stlth   +.........              w - amulet of regeneration
HPRegen 1.06/turn               e - ring of poison resistance
MPRegen 0.15/turn               y - +4 ring of protection

@: curled up
A: large, rugged brown scales 3, see invisible, deformed body, roll 1, armoured
tail, reflexive curl, deterioration 1, sense surroundings 1, robust 1
a: Rolling Charge, Renounce Religion, Depart the Abyss, Bend Space, Banish,
Corrupt


You were in a volcano.
You worshipped Lugonu.
Lugonu was greatly pleased with you.
You visited 2 branches of the dungeon, and saw 12 of its levels.
You visited the Abyss 1 time.
You also visited: Volcano.

You collected 1090 gold pieces.
You spent 798 gold pieces at shops.


Innate Abilities, Weirdness & Mutations

You are completely covered in rugged brown scales. (AC +3, +7% HP)
You have supernaturally acute eyesight. (SInv)
Armour fits poorly on your strangely shaped body.
You can roll at nearby foes to attack.
You have a long armoured tail.
You curl defensively after being hit. (AC +7*)
Your body sometimes deteriorates upon taking damage.
You passively map a small area around you.
You are robust. (+10% HP)


   Skills:
 + Level 8.4 Fighting
 + Level 11.1 Long Blades
 - Level 1.5 Armour
 - Level 0.7 Dodging
 - Level 9.0 Shields
 - Level 8.0 Invocations


You had 10 spell levels left.
You didn't know any spells.
Your spell library contained the following spells:

 Spells                   Type           Power      Damage    Failure   Level
 Magic Dart               Conj           0%         1d3       45%         1
 Shock                    Conj/Air       0%         1d3       45%         1
 Slow                     Hex            0%         N/A       45%         1
 Summon Small Mammal      Summ           0%         N/A       45%         1
 Blink                    Tloc           0%         N/A       58%         2
 Searing Ray              Conj           0%         2d4       58%         2
 Static Discharge         Conj/Air       0%         N/A       58%         2
 Call Canine Familiar     Summ           0%         N/A       83%         3
 Confusing Touch          Hex            0%         N/A       83%         3
 Summon Guardian Golem    Hex/Summ       0%         N/A       83%         3
 Swiftness                Air            0%         N/A       83%         3
 Vampiric Draining        Necr           0%         2d6       83%         3
 Airstrike                Air            0%         N/A       99%         4
 Fulminant Prism          Conj/Hex       0%         3d6       99%         4
 Passage of Golubria      Tloc           0%         N/A       99%         4
 Lightning Bolt           Conj/Air       0%         1d11      100%        5
 Manifold Assault         Tloc           0%         N/A       100%        5
 Silence                  Hex/Air        0%         N/A       100%        5
 Malign Gateway           Summ/Tloc      0%         N/A       100%        7
 Storm Form               Tmut/Air       0%         N/A       100%        7
 Lehudib's Crystal Spear  Conj/Erth      0%         10d2      100%        8
 Maxwell's Capacitive Co  Air            0%         ∞         100%        8
 Summon Horrible Things   Summ           0%         N/A       100%        8

Inventory:

Hand Weapons
 a - a +3 demon blade of venom (weapon)
 F - a +4 scimitar
Missiles
 G - a curare-tipped dart {=f}
Armour
 j - +0 acid dragon scales (worn)
 n - a +0 cloak (worn)
 q - a +2 pair of gloves of infusion (worn)
 u - a +0 kite shield (worn)
 H - a +0 helmet (worn)
Jewellery
 c - a ring of protection from cold
 e - a ring of poison resistance (left hand)
 w - an amulet of regeneration (around neck)
 y - a +4 ring of protection (right hand)
Wands
 b - a wand of iceblast (18)
 h - a wand of polymorph (16)
 D - a wand of charming (3)
Scrolls
 f - 2 scrolls of vulnerability {!r}
 g - 4 scrolls of teleportation {@r4}
 i - 2 scrolls of fog
 k - a scroll of immolation {!r}
 m - 3 scrolls of enchant armour
 p - a scroll of fear {unknown}
 s - a scroll of brand weapon {unknown}
 t - 2 scrolls of magic mapping {unknown}
 v - 5 scrolls of noise {!r}
 B - a scroll of torment {unknown}
 E - a scroll of acquirement
Potions
 d - a potion of lignification {unknown}
 o - a potion of mutation {!q}
 r - a potion of resistance {unknown}
 x - 3 potions of berserk rage {unknown}
 z - 2 potions of curing {@q1}
 A - a potion of flight {unknown}
 C - 2 potions of brilliance {unknown}
 I - a potion of haste {unknown}
Miscellaneous
 l - a tin of tremorstones (2/2)

Dungeon Overview and Level Annotations

Branches:
Dungeon (11/15)            Temple (0/1) D:7            Lair (1/6) D:11
    Orc (0/2) D:9         Volcano (1/1)

Altars:
Ashenzari
Dithmenos
Gozag
Makhleb
Sif Muna
Uskayaw
Vehumet
Xom
Zin

Shops:
D:5 [[=   D:6 (

Portals:
Trove: D:10 (give 14 scrolls of teleportation)

Annotations:
D:2 1 runed translucent door, Crazy Yiuf
D:6 2 transporters, Goblin1989's ghost, novice DsBr

≈ ♣♣..♣≈ ░
≈♣♣..P♣ ♣...P♣
♣...♣♣ ░ ≈
♣♣..♣≈ ░ ≈ ≈
♣.♣♣≈ ░ ,, ♣NO♣≈
░▒▒▒▒▒ , ♣♣b♣♣♣
▒▒...▒ ≈ ≈ ,
♣♣H.♣♣♣♣....▒
♣P...P♣..∩∩.▒
,≈≈♣♣♣P♣..†....▒
░░ , ♣♣P..♣...▒▒
≈ , ≈≈ ♣♣♣.P.▒▒▒
≈ , , ≈ ♣♣♣▒▒ ≈
░, ≈ , , ≈ ≈ ░ ,
≈ ≈


You could see a salamander, an ogre and a fire bat.


Message History

You are engulfed in flames!
* * * LOW HITPOINT WARNING * * *
You block the fire bat's attack.
The salamander hits you from afar with a +0 halberd!
* * * LOW HITPOINT WARNING * * *
You are engulfed in flames!
* * * LOW HITPOINT WARNING * * *
Your body deteriorates!
You feel clumsy. The fire bat barely misses you.
The fire bat bites you but does no damage.
The fire bat barely misses you. You block the fire bat's attack.
Aiming: Charm
Aim: a fire bat (severely wounded, chance to affect: 54%)
Okay, then.
The fire bat bites you but does no damage.
The fire bat bites you but does no damage.
You barely miss the fire bat.
The fire bat is severely wounded.
You block the salamander's attack. You block the fire bat's attack.
You closely miss the fire bat.
The fire bat is severely wounded.
The fire bat barely misses you. You block the fire bat's attack.
The salamander hits you from afar with a +0 halberd!!
* * * LOW HITPOINT WARNING * * *
You are engulfed in flames!
You die...

Action                   |  1- 3 |  4- 6 |  7- 9 | 10-12 || total
-------------------------+-------+-------+-------+-------++-------
Melee: Falchion          |    91 |   150 |   323 |    47 ||   611
       Tailslap          |    12 |    16 |    48 |    42 ||   118
       Scimitar          |       |       |       |    67 ||    67
       Demon blade       |       |       |       |   190 ||   190
Invok: Depart the Abyss  |     1 |       |       |       ||     1
       Banish            |       |       |     2 |     5 ||     7
 Abil: Rolling Charge    |       |     5 |    12 |     9 ||    26
Evoke: Wand              |       |     2 |    22 |     2 ||    26
  Use: Scroll            |     3 |     2 |     8 |     5 ||    18
       Potion            |     2 |       |     2 |     2 ||     6
Armor: Leather armour    |    44 |    43 |    51 |       ||   138
       Acid dragon scale |       |       |    69 |   119 ||   188
Dodge: Dodged            |    55 |    71 |    96 |   111 ||   333
Block: Kite shield       |       |       |   106 |   176 ||   282

Levels and vault maps discovered:
D:1:      dpeg_arrival_circle_labyrinth_a, layout_basic, minmay_tromino_v4_c
D:2:      layout_basic, basic_altar, ebering_ecumenical_altar_abandoned,
          uniq_crazy_yiuf_cottage
D:3:      layout_rooms, nicolae_overflow_hidden_temple,
          nicolae_elevator_lobby_asterisk, uniq_terence
D:4:      layout_basic, eat_drink_and_be_merry_uskayaw, kennysheep_nub,
          kennysheep_path_1
D:5:      layout_basic, nicolae_wooded_promenade
D:6:      layout_basic, zin_statuary, serial_shops, shop, gammafunk_ghost_arena
D:7:      layout_rooms, minmay_temple_entry_nine_rooms,
          minmay_misc_feat_more_columns, kennysheep_generic_room_13, uniq_maggie
D:8:      layout_rooms, xom_shifter_show, minmay_lizard_king
D:9:      layout_loops_ring, lemuel_round_altar,
          mainiacjoe_overflow_catwalk_spiral, hiddenorc1_lemuel
D:10:     cheibrodos_orc_bank, layout_grid_maze, nicolae_trove_entry_crystal,
          serial_bayou_lagoon_a
D:11:     layout_roguey, erik_lair_island
Lair:1:   layout_concentric_octagons, nicolae_volcano_entry_hallway,
          grunt_megastairs_4, serial_bayou_shore_a, serial_bayou_shore_b
Volcano:  pf_volcano_lost_world

Notes
Turn   | Place    | Note
-------+----------+-------------------------------------------
     0 | Abyss:1  | sanka the Palentonga Abyssal Knight began the quest for the
                  | Orb.
     0 | Abyss:1  | Reached XP level 1. HP: 19/19 MP: 2/2
    90 | Abyss:1  | Noticed a starcursed mass
    92 | D:1      | Escaped the Abyss
   280 | D:1      | Reached * piety under Lugonu
   281 | D:1      | Reached XP level 2. HP: 18/25 MP: 3/3
   312 | D:1      | Reached skill level 3 in Long Blades
   949 | D:2      | Reached XP level 3. HP: 31/31 MP: 4/4
   984 | D:2      | Found a burning altar of Makhleb.
  1009 | D:2      | Found a faded altar of an unknown god.
  1247 | D:2      | Reached skill level 4 in Long Blades
  1482 | D:2      | Found a runed translucent door.
  1483 | D:2      | Noticed Crazy Yiuf
  1838 | D:3      | Noticed Terence
  1873 | D:2      | Gained mutation: Your body sometimes deteriorates upon
                  | taking damage. [potion of mutation]
  1873 | D:2      | Gained mutation: You are robust. (+10% HP) [potion of
                  | mutation]
  1873 | D:2      | Gained mutation: You passively map a small area around you.
                  | [potion of mutation]
  1884 | D:2      | HP: 3/33 [Terence (4)]
  1886 | D:2      | Killed Terence
  1887 | D:2      | Reached XP level 4. HP: 4/40 MP: 5/5
  2533 | D:2      | Reached skill level 5 in Long Blades
  2975 | D:3      | Found a radiant altar of Vehumet.
  3014 | D:3      | Reached XP level 5. HP: 47/47 MP: 6/6
  3192 | D:3      | Found a shimmering blue altar of Sif Muna.
  3484 | D:4      | Found a hide-covered altar of Uskayaw.
  3633 | D:4      | Noticed a necrophage
  3654 | D:4      | Killed a necrophage
  3655 | D:4      | Reached skill level 6 in Long Blades
  3779 | D:4      | Reached XP level 6. HP: 48/54 MP: 6/8
  3912 | D:4      | Reached ** piety under Lugonu
  4187 | D:4      | Reached skill level 3 in Invocations
  4456 | D:5      | Entered Level 5 of the Dungeon
  4995 | D:5      | Reached skill level 4 in Invocations
  5005 | D:5      | Noticed a water moccasin
  5016 | D:5      | Killed a water moccasin
  5017 | D:5      | Reached skill level 7 in Long Blades
  5017 | D:5      | Gained mutation: You curl defensively after being hit. (AC
                  | +7*) [Palentonga growth]
  5017 | D:5      | Reached XP level 7. HP: 36/60 MP: 10/10
  5199 | D:5      | Found Fiph's Jewellery Boutique.
  5200 | D:5      | Found Ynatwonari's Armour Emporium.
  5201 | D:5      | Found Gimuyhom's Armour Emporium.
  5436 | D:5      | Identified the +3 dagger of Joyful Slaughter {vorpal,
                  | Int+7}
  5733 | D:5      | Reached skill level 5 in Invocations
  6333 | D:6      | Reached skill level 8 in Long Blades
  6333 | D:6      | Reached skill level 6 in Invocations
  6333 | D:6      | Reached XP level 8. HP: 17/67 MP: 12/12
  6373 | D:6      | Reached skill level 7 in Invocations
  6708 | D:5      | Bought a +1 pair of gloves of infusion for 231 gold pieces
  6913 | D:6      | Noticed Goblin1989's ghost (novice DsBr)
  6923 | D:6      | Found a transporter.
  6931 | D:6      | Found a transporter.
  7038 | D:6      | Found Welue's Antique Weapon Shoppe.
  7391 | D:6      | Found a glowing silver altar of Zin.
  7474 | D:6      | Reached skill level 1 in Shields
  7830 | D:7      | Reached skill level 2 in Shields
  7830 | D:7      | Reached skill level 8 in Invocations
  7923 | D:7      | Reached skill level 3 in Shields
  7978 | D:7      | Found a staircase to the Ecumenical Temple.
  8095 | D:7      | Reached skill level 4 in Shields
  8188 | D:7      | Reached XP level 9. HP: 30/73 MP: 12/15
  8343 | D:7      | Reached skill level 5 in Shields
  8564 | D:7      | Identified +0 acid dragon scales
  8564 | D:7      | Noticed Maggie
  8573 | D:7      | Killed Maggie
  8783 | D:8      | Reached skill level 6 in Shields
  8832 | D:8      | Noticed a komodo dragon
  9034 | D:8      | Found a shimmering altar of Xom.
  9035 | D:8      | Found a shimmering altar of Xom.
  9036 | D:8      | Found a shimmering altar of Xom.
  9081 | D:8      | Reached skill level 7 in Shields
  9340 | D:8      | Found a shimmering altar of Xom.
  9351 | D:8      | Found a shimmering altar of Xom.
  9353 | D:8      | Found a shimmering altar of Xom.
  9551 | D:8      | Reached *** piety under Lugonu
  9645 | D:9      | Found a broken altar of Ashenzari.
  9795 | D:9      | Reached skill level 8 in Shields
 10154 | D:9      | Found a staircase to the Orcish Mines.
 10260 | D:9      | Reached XP level 10. HP: 81/81 MP: 7/16
 10433 | D:9      | Found a shadowy altar of Dithmenos.
 10632 | D:9      | Found an opulent altar of Gozag.
 10905 | D:10     | Entered Level 10 of the Dungeon
 10953 | D:10     | Noticed a two-headed ogre
 10954 | D:10     | Banished a two-headed ogre
 10955 | D:10     | Reached skill level 9 in Shields
 11387 | D:10     | Noticed an orc knight
 11392 | D:10     | Banished an orc knight
 11393 | D:10     | Reached skill level 4 in Fighting
 11690 | D:10     | Reached skill level 5 in Fighting
 11690 | D:10     | Reached skill level 9 in Long Blades
 11827 | D:10     | Identified a scroll of acquirement
 11955 | D:6      | Bought a runed demon blade for 504 gold pieces
 12054 | D:10     | Noticed a boulder beetle
 12056 | D:10     | Banished a boulder beetle
 12099 | D:10     | Reached skill level 6 in Fighting
 12571 | D:10     | Found a portal to a secret trove of treasure.
 13127 | D:11     | Reached skill level 10 in Long Blades
 13127 | D:11     | Reached XP level 11. HP: 97/97 MP: 13/17
 13339 | D:5      | Bought a +0 helmet for 63 gold pieces
 13601 | D:11     | Found a staircase to the Lair.
 13669 | D:11     | Reached skill level 7 in Fighting
 14145 | Lair:1   | Entered Level 1 of the Lair of Beasts
 14234 | Lair:1   | Reached **** piety under Lugonu
 14304 | Lair:1   | Reached skill level 8 in Fighting
 14316 | Lair:1   | Found a dark tunnel.
 14410 | Volcano  | Entered a volcano
 14419 | Volcano  | Reached skill level 11 in Long Blades
 14528 | Volcano  | HP: 7/101 [salamander (11)]
 14533 | Volcano  | HP: 2/101 [salamander (19)]
 14533 | Volcano  | Mangled by a salamander

Vanquished Creatures
  A black mamba (Lair:1)
  2 kobold demonologists (D:11)
  Maggie (D:7)
  3 komodo dragons
  2 trolls (D:11)
  4 wyverns
  3 fire bats (Volcano)
  7 yaks
  2 steam dragons
  6 water moccasins
  7 orc warriors
  3 ice beasts (D:6)
  2 black bears
  A sky beast (D:7)
  A necrophage (D:4)
  5 centaurs
  4 wolves
  A phantom (D:5)
  A kobold brigand (D:11)
  4 bullfrogs
  A water moccasin zombie (D:7)
  A water moccasin skeleton (D:5)
  8 killer bees
  6 wights
  2 electric eels (D:11)
  4 howler monkeys
  A bullfrog zombie (D:5)
  4 centaur zombies
  8 hounds
  An orc priest (D:7)
  A bullfrog skeleton (D:5)
  A jelly (D:6)
  Terence (D:2)
  7 iguanas
  10 orc wizards
  2 howler monkey zombies
  8 gnolls
  7 adders
  3 shadow imps
  An ufetubus (D:4)
  2 adder skeletons (D:4)
  2 dart slugs
  46 orcs
  8 bats
  4 endoplasms
  A giant cockroach (D:1)
  6 goblins
  7 hobgoblins
  3 jackals (D:3)
  2 quokkas
  3 frilled lizards
  8 kobolds
  6 rats
235 creatures vanquished.

Vanquished Creatures (others)
  A fungus (Lair:1)
  51 plants
52 creatures vanquished.

Grand Total: 287 creatures vanquished
